 Dungeon Crawl Stone Soup version 0.23-a0-26-g9187234747 (webtiles) character file.

662 Faustar the Cudgeler (level 7, -3/56 HPs)
             Began as a Human Wanderer on Aug 3, 2018.
             Was an Initiate of Cheibriados.
             Slain by an ice beast (11 damage)
             ... on level 5 of the Dungeon.
             The game lasted 00:11:28 (5612 turns).

Faustar the Cudgeler (Human Wanderer)               Turns: 5612, Time: 00:11:28

Health: -3/56      AC: 10    Str: 13    XL:     7   Next: 87%
Magic:  0/16       EV: 10    Int: 19    God:    Cheibriados [......]
Gold:   276        SH:  0    Dex: 13    Spells: 6/6 levels left

rFire    . . .     SeeInvis .   b - +0 whip (flame)
rCold    . . .     Gourm    .   (no shield)
rNeg     . . .     Faith    .   d - +0 ring mail
rPois    .         Spirit   +   u - +0 helmet
rElec    .         Reflect  .   m - +0 cloak
rCorr    .         Harm     .   l - +2 pair of gloves
MR       .....                  (no boots)
Stlth    +.........             v - amulet of guardian spirit
HPRegen  0.18/turn              C - +3 ring of intelligence
MPRegen  0.15/turn              r - ring of magical power

@: very slow
A: no striking features
a: Bend Time, Renounce Religion


You were on level 5 of the Dungeon.
You worshipped Cheibriados.
Cheibriados was noncommittal.
You were not hungry.

You visited 2 branches of the dungeon, and saw 6 of its levels.

You collected 276 gold pieces.

Inventory:

Hand Weapons
 a - a +2 shortbow
 b - a +0 whip of flaming (weapon)
 e - a +0 dagger
 h - a +0 short sword of venom
 j - a +0 club
Missiles
 p - 72 arrows
Armour
 d - a +0 ring mail (worn)
 l - a +2 pair of gloves (worn)
 m - a +0 cloak (worn)
 u - a +0 helmet (worn)
 A - a +2 buckler
Jewellery
 r - a ring of magical power (right hand)
 t - an uncursed ring of poison resistance {unknown}
 v - an amulet of guardian spirit (around neck)
 y - an uncursed amulet of the acrobat
 C - a +3 ring of intelligence (left hand)
Scrolls
 c - 9 scrolls of teleportation
 k - 2 scrolls of identify
 n - a scroll of amnesia {unknown}
 o - 5 scrolls of remove curse
 w - 2 scrolls of enchant weapon {unknown}
 x - 4 scrolls of fear {unknown}
 z - a scroll of enchant armour {unknown}
Potions
 g - 4 potions of curing
 i - a potion of degeneration
 q - 2 potions of invisibility {unknown}
 s - 2 potions of lignification {unknown}
 B - a potion of agility {unknown}
 E - a potion of flight {unknown}
 F - a potion of cancellation {unknown}
Comestibles
 f - 7 rations


   Skills:
 + Level 5.4 Fighting
 - Level 1.0 Short Blades
 * Level 5.8 Maces & Flails
 - Level 2.0 Bows
 - Level 2.6 Armour
 - Level 2.0 Stealth
 - Level 1.0 Shields


You had 6 spell levels left.
You didn't know any spells.
Your spell library contained the following spells:

 Spells                   Type           Power        Failure   Level  Hunger
 Magic Dart               Conj           #...         38%         1    ##.....
 Conjure Flame            Conj/Fire      #.......     77%         3    ####...
 Slow                     Hex            #.......     54%         2    ###....
 Mephitic Cloud           Conj/Pois/Air  #.......     77%         3    ####...
 Blink                    Tloc           N/A          54%         2    ###....
 Call Imp                 Summ           #.......     54%         2    ###....


Dungeon Overview and Level Annotations

Branches:
Dungeon (5/15)             Temple (1/1) D:4

Altars:
Ashenzari
Cheibriados
Elyvilon
Fedhas
Kikubaaqudgha
Makhleb
Nemelex Xobeh
Okawaru
Qazlal
Ru
Sif Muna
Trog
Uskayaw
Vehumet
Yredelemnul
Zin


Message History

The ice beast is heavily wounded.
The ice beast hits you. The ice beast freezes you!
You hit the ice beast.
You melt the ice beast.
The ice beast is severely wounded.
The ice beast hits you but does no damage.
You hit the ice beast but do no damage.
The ice beast is severely wounded.
The ice beast hits you. The ice beast freezes you.
You hit the ice beast but do no damage.
The ice beast is severely wounded.
The ice beast hits you.
* * * LOW HITPOINT WARNING * * *
The ice beast freezes you!
* * * LOW HITPOINT WARNING * * *
You closely miss the ice beast.
The ice beast is severely wounded.
You hit the ice beast.
You melt the ice beast.
The ice beast is severely wounded.
The ice beast hits you. The ice beast freezes you!
You die...

######## #........#...
#......# #...###....##
#......###.#.# ###...#
#.......>..#.######...
#......#####.##......#
#.......####.#=.####..
#.................####
#......#..........## #
#....@.#...........###
#....Y.###########....
#####.## ###... #'#
#### #...##
#....Y#..######.###
#.#.#.#.........#
#.._..#...########## #
#.# #............. ...
#..##########.


You could see an ice beast.

Vanquished Creatures
  3 ice beasts (D:5)
  A scorpion (D:4)
  A crimson imp (D:5)
  2 bullfrog zombies (D:5)
  A hound (D:5)
  2 worker ants (D:4)
  Robin (D:2)
  7 adders
  An ooze (D:3)
  3 dart slugs
  A leopard gecko (D:1)
  2 orcs (D:5)
  6 bats
  6 giant cockroaches
  2 gnoll zombies (D:2)
  12 goblins
  12 hobgoblins
  2 jackals (D:1)
  2 quokkas
  4 frilled lizards
  5 kobolds
  A quokka zombie (D:5)
  4 rats
81 creatures vanquished.

Notes
Turn   | Place    | Note
-------+----------+-------------------------------------------
     0 | D:1      | Faustar the Human Wanderer began the quest for the Orb.
     0 | D:1      | Faustar set off with: a +2 shortbow, 24 arrows, a scroll of teleportation, a +0 ring mail, a +0 dagger, a ration
     0 | D:1      | Reached XP level 1. HP: 18/18 MP: 1/1
   133 | D:1      | Reached XP level 2. HP: 24/24 MP: 2/2
   827 | D:2      | Reached XP level 3. HP: 28/29 MP: 3/3
   857 | D:2      | Noticed Robin
   887 | D:1      | Reached skill level 1 in Maces & Flails
  1126 | D:2      | Reached XP level 4. HP: 37/37 MP: 4/4
  1265 | D:2      | Found a burning altar of Makhleb.
  1267 | D:2      | Found a glowing silver altar of Zin.
  1267 | D:2      | Noticed an angel
  1267 | D:2      | Noticed an Executioner
  1377 | D:2      | Found a basalt altar of Yredelemnul.
  1608 | D:2      | Found a burning altar of Makhleb.
  1615 | D:2      | Found a glowing silver altar of Zin.
  1778 | D:2      | Killed Robin
  1861 | D:2      | Found a basalt altar of Yredelemnul.
  1992 | D:3      | Found a hide-covered altar of Uskayaw.
  2416 | D:3      | Reached XP level 5. HP: 14/42 MP: 5/5
  3971 | D:4      | Reached XP level 6. HP: 47/49 MP: 6/6
  4154 | D:4      | Found a staircase to the Ecumenical Temple.
  4273 | Temple   | Entered the Ecumenical Temple
  4417 | Temple   | Became a worshipper of Cheibriados the Contemplative
  4478 | D:5      | Entered Level 5 of the Dungeon
  4554 | D:5      | Noticed an ice beast
  4731 | D:5      | Killed an ice beast
  4841 | D:5      | Reached XP level 7. HP: 52/55 MP: 7/7
  4911 | D:5      | Found a deep blue altar of Sif Muna.
  5093 | D:5      | Found a sparkling altar of Nemelex Xobeh.
  5132 | D:5      | Reached skill level 5 in Fighting
  5132 | D:5      | Reached skill level 5 in Maces & Flails
  5612 | D:5      | Slain by an ice beast

Vault maps used:
D:1:      minmay_arrival_wavy_path
D:2:      grunt_temple_overflow_order_and_chaos_2,
          lemuel_zombie_altar_yredelemnul, uniq_robin
D:3:      minmay_door_path, old_standard_altar
D:4:      minmay_temple_entry_nine_rooms
D:5:      kennysheep_little_box, first_ration, led_sif_pool
Temple:   regret_index_temple_generic_petals

Skill      XL: |  1  2  3  4  5  6  7 |
---------------+----------------------+-----
Armour         | 2 |  2.6
Maces & Flails | 1 2 3 4 5 |  5.8
Fighting       | 4 5 |  5.4
Short Blades   | |  1.0
Bows           | |  2.0
Stealth        | |  2.0
Shields        | |  1.0

Action                   |  1- 3 |  4- 6 |  7- 9 || total
-------------------------+-------+-------+-------++-------
Melee: Dagger            |    38 |       |       ||    38
       Short sword       |       |    93 |     8 ||   101
       Whip              |       |   132 |   122 ||   254
 Fire: Shortbow          |    80 |    30 |     3 ||   113
  Use: Potion            |     4 |       |       ||     4
       Scroll            |       |     2 |       ||     2
 Stab: Sleeping          |       |     2 |       ||     2
  Eat: Chunk             |     1 |     8 |     3 ||    12
       Ration            |       |     1 |       ||     1
Armor: Ring mail         |    34 |   109 |    49 ||   192
Dodge: Dodged            |    32 |    98 |    44 ||   174

Table legend:
 A = Spawn XP
 B = Non-spawn XP
 C = Spawn XP percentage of total XP
 D = Spawn monster count
 E = Non-spawn monster count
 F = Spawn count percentage of total count
 G = Total turns spent on level
                    A         B        C        D         E        F      G
               +---------+---------+-------+---------+---------+-------+---------
         Total |       0 |     946 |   0.0 |       0 |      81 |   0.0 |  5612
               +---------+---------+-------+---------+---------+-------+---------
           D:1 |       0 |      25 |   0.0 |       0 |      14 |   0.0 |   859
           D:2 |       0 |      88 |   0.0 |       0 |      31 |   0.0 |  1105
           D:3 |       0 |      53 |   0.0 |       0 |      14 |   0.0 |   974
           D:4 |       0 |     163 |   0.0 |       0 |       8 |   0.0 |  1373
           D:5 |       0 |     617 |   0.0 |       0 |      14 |   0.0 |  1134
               +---------+---------+-------+---------+---------+-------+---------
